[Event "Early-Titled-Tuesday-Blitz-April-23-2024"]
[Site "Chess.com"]
[Date "2024.04.23"]
[Round "6"]
[White "Ural_bogatyr"]
[Black "Zurability"]
[Result "0-1"]
[WhiteElo "2566"]
[BlackElo "2740"]
[TimeControl "180+1"]
[EndTime "9:09:05 PDT"]
[Termination "Zurability won on time"]

1. e4 c5 2. Nf3 d6 3. d4 cxd4 4. Nxd4 Nf6 5. Nc3 g6 6. f3 Bg7 7.
Be3 a6 8. Qd2 Nbd7 9. O-O-O b5 10.
h4 h5 11. Kb1 Bb7 12. Bd3 Rc8 13.
Nce2 Qc7 14. Rc1 Ne5 15. Bf4 Nc4 16. Qb4 e5 17. Nxb5 axb5 18. Qxb5+ Ke7 19. Bxc4 exf4 20.
Nxf4 Qxc4 21. Qxb7+ Rc7 22. Qb3 Qxb3 23. cxb3 Rxc1+ 24.
Rxc1 Kd7 25. b4 Bh6 26. g3 g5 27. hxg5 Bxg5 28. Rh1 h4 29. Ne2 Rh7 30. f4 Bh6 31. Rxh4 Nxe4 32. Nd4 Nf6 33. Nf5 Bf8 34. Rxh7 Nxh7 35.
Kc2 Nf6 36. Kd3 d5 37. b5 Ne4 38. Kd4 Ke6 39. g4 Bc5+ 40. Kd3 Nf2+ 41. Kc3 Nxg4 42.
Nd4+ Kd7 43. b4 Bd6 44. Ne2 Nf6 45. a4 Ne4+ 46. Kd4 Ke6 0-1

[Event "Early-Titled-Tuesday-Blitz-April-23-2024"]
[Site "Chess.com"]
[Date "2024.04.23"]
[Round "6"]
[White "GMKrikor"]
[Black "Susal_De_Silva"]
[Result "1-0"]
[WhiteElo "2896"]
[BlackElo "2689"]
[TimeControl "180+1"]
[EndTime "9:09:06 PDT"]
[Termination "GMKrikor won by resignation"]

1. Nf3 Nf6 2. c4 e6 3. Nc3 d5 4.
d4 Bb4 5. cxd5 exd5 6. Bf4 Ne4 7. Rc1 O-O 8. e3 c6 9. Bd3 Re8 10. O-O Bd6 11. Bxd6 Qxd6 12. Qc2 Nf6 13. Ne5 Nbd7 14. f4 Nf8 15. Rce1 N6d7 16. h3 f6 17. Nf3 Nb6 18.
b3 Bd7 19. Qd2 Re7 20. e4 dxe4 21. Nxe4 Qa3 22. Nc5 Rxe1 23. Rxe1 Rb8 24. Re7 Nd5 25. Nxd7 Qxe7 26. Nxb8 Qd6 27. Nxc6 bxc6 28. g3 Ne6 29. Bc4 Kf8 30. Kg2 Nb6 31. Qe3 Nxc4 32. bxc4 Kf7 33. h4 a5 34. Qe4 a4 35. c5 Qb8 36. Qxc6 Qb2+ 37. Kh3 Qxa2 38. d5 Nf8 39. d6 Qe6+ 40. g4 a3 41. Qb7+ Kg8 42. Qa6 Qb3 43. Kg3 a2 44. c6 Ne6 45. c7 a1=Q 46. c8=Q+ Kf7 47. Qxa1 1-0

[Event "Early-Titled-Tuesday-Blitz-April-23-2024"]
[Site "Chess.com"]
[Date "2024.04.23"]
[Round "6"]
[White "Silent-Killer100"]
[Black "BardArtem"]
[Result "0-1"]
[WhiteElo "2609"]
[BlackElo "2855"]
[TimeControl "180+1"]
[EndTime "9:09:06 PDT"]
[Termination "BardArtem won by resignation"]

1. e4 d5 2. exd5 c6 3. dxc6 Nxc6 4. Nf3 e5 5. Nc3 Nf6 6. Bb5 Bd6 7. d3 O-O 8. Bxc6 bxc6 9. Ne4 Nxe4 10. dxe4 f5 11.
exf5 e4 12. Nd4 Qf6 13. O-O Rd8 14. c3 c5 15. Qb3+ Kh8 16. Ne6 Re8 17. Qd5 Bxe6 18.
fxe6 Rad8 19. Qxe4 Rxe6 20. Qc4 Rde8 21. Be3 Re4 22.
Qd5 R4e5 23. Qb7 Qh4 24. g3 Qh3 25. Qg2 Qe6 26. Rad1 Bf8 27. Rd2 Qxa2 28. Rfd1 h6 29. Qc6 Qb3 30. Kg2 a5 31. Rd8 R5e6 32. Qd7 Rxd8 33.
Qxd8 Rf6 34. Bxc5 Qxb2 35. Rd2 Qxc3 36. Bxf8 Qf3+ 37. Kg1 Rxf8 38. Qd3 Qxd3 39. Rxd3 a4 40. Ra3 Ra8 41. f4 g6 42. Kf2 Kg7 43. Ke3 Kf6 44. Ke4 Ke6 45. g4 Kf6 46. h4 h5 47. gxh5 gxh5 48. f5 Ra5 49. Rg3 a3 50. Rg6+ Kf7 51.
Rg2 a2 0-1

[Event "Early-Titled-Tuesday-Blitz-April-23-2024"]
[Site "Chess.com"]
[Date "2024.04.23"]
[Round "6"]
[White "Antosha_Chekhonte"]
[Black "ChessSwole"]
[Result "1/2-1/2"]
[WhiteElo "2555"]
[BlackElo "2708"]
[TimeControl "180+1"]
[EndTime "9:09:06 PDT"]
[Termination "Game drawn - insufficient material"]

1. e4 e5 2. Nf3 Nc6 3. Nc3 Nf6 4. d4 exd4 5. Nxd4 Nxe4 6. Nxe4 Qe7 7. Bd3 Nxd4 8. O-O d5 9. Bc4 dxc4 10. Qxd4 Be6 11. Re1 Qd7 12. Qe3 Be7 13. Nc5 Bxc5 14. Qxc5 Qd6 15. Qb5+ Qc6 16. Qxc6+ bxc6 17. Bf4 Rb8 18. Bxc7 Rxb2 19. Rab1 c3 20. Be5 O-O 21. Rxb2 cxb2 22. Bxb2 Rb8 23. Bd4 a5 24. h3 Bxa2 25. Ra1 Rb1+ 26.
Rxb1 Bxb1 27. c3 f6 28. Kf1 Kf7 29. Ke2 Ke6 30. Bc5 Kd5 31. Bf8 Kc4 32. Bxg7 a4 33. Bf8 Kb3 34. c4 a3 35. Be7 f5 36. g4 fxg4 37. hxg4 a2 38. Bf6 Bg6 39. f4 Bf7 40.
f5 Kxc4 41. Ke3 Kb3 42. Kf4 c5 43. Ke3 c4 44. Kd2 c3+ 45. Bxc3 Bd5 46. g5 Be4 47. g6 hxg6 48. fxg6 Bxg6 49. Ba1 Bf7 50. Bc3 Bg6 51.
Ba1 Bh7 52. Bc3 Bg8 53. Ba1 Ka3 54. Bc3 Ka4 55. Kc1 Kb3 56. Bb2 Bh7 57. Ba1 Kc4 58. Bb2 a1=Q+ 59. Bxa1 1/2-1/2

[Event "Early-Titled-Tuesday-Blitz-April-23-2024"]
[Site "Chess.com"]
[Date "2024.04.23"]
[Round "6"]
[White "JeFumeDesClopes"]
[Black "DinaBelenkaya"]
[Result "1/2-1/2"]
[WhiteElo "2595"]
[BlackElo "2437"]
[TimeControl "180+1"]
[EndTime "9:09:06 PDT"]
[Termination "Game drawn - insufficient material"]

1. e4 c6 2. Nc3 d5 3. Qf3 dxe4 4. Nxe4 Nf6 5. Bc4 Nbd7 6. d4 e6 7. Ne2 Nxe4 8. Qxe4 Nf6 9. Qf3 Be7 10. Bf4 Qb6 11.
O-O-O Bd7 12. g4 Nd5 13. Be5 Bf6 14. Ng3 Bxe5 15. dxe5 O-O-O 16. Ne4 Kb8 17. Qxf7 Bc8 18. Qxg7 Rhf8 19. Qxh7 Rf4 20. g5 Qb4 21. Bxd5 exd5 22. Nd6 Bg4 23. Rd2 Bf3 24. Re1 Rh4 25. Qf7 Rf4 26.
Qe7 Qb6 27. g6 Rb4 28. c3 Ra4 29. a3 a5 30. g7 Ka7 31. Rg1 Qb3 32. Qxd8 Rxa3 33.
Nc8+ Ka6 34. Qb6+ Qxb6 35. Nxb6 Ra1+ 36. Kc2 Rxg1 37. Na4 Rxg7 38. Nc5+ Kb6 39. b4 axb4 40. cxb4 Re7 41. Rd3 Be4 42. Nxe4 dxe4 43. Re3 Rxe5 44. f4 Rh5 45. Rxe4 Rxh2+ 46. Kc3 Rf2 47. Kd4 Kb5 48. Ke5 b6 49. f5 c5 50. bxc5 bxc5 51. f6 Rh2 52.
Rf4 Rh8 53. f7 Rf8 54. Kd5 c4 55. Ke6 c3 56. Ke7 Rxf7+ 57. Kxf7 c2 58. Rf1 Kc4 59. Ke6 Kd3 60. Kd5 Kd2 61. Kd4 c1=Q 62. Rxc1 Kxc1 1/2-1/2

[Event "Early-Titled-Tuesday-Blitz-April-23-2024"]
[Site "Chess.com"]
[Date "2024.04.23"]
[Round "6"]
[White "Ginger_GM"]
[Black "Aradhya2000"]
[Result "1/2-1/2"]
[WhiteElo "2666"]
[BlackElo "2842"]
[TimeControl "180+1"]
[EndTime "9:09:07 PDT"]
[Termination "Game drawn by repetition"]

1. d4 d5 2. c4 c6 3. cxd5 cxd5 4. Nc3 Nf6 5. f3 Nc6 6. e4 e5 7. dxe5 Nxe5 8. exd5 Bc5 9. Bb5+ Bd7 10. Bxd7+ Qxd7 11. Nge2 h6 12. Bf4 Ng6 13. Qd2 O-O 14. O-O-O b5 15. Kb1 Rfe8 16. Ng3 b4 17. Nce4 Nxe4 18. fxe4 h5 19. Rhe1 Qg4 20. Be3 Bd6 21. Bd4 Bxg3 22. hxg3 Rxe4 23. d6 a5 24. Ka1 Nf8 25. Rxe4 Qxe4 26.
Qg5 Ne6 27. Qe5 Qxe5 28. Bxe5 Rd8 29. Rd5 a4 30. b3 f6 31. Bd4 axb3 32. axb3 Nxd4 33.
Rxd4 Kf7 34. Kb2 Ke6 35. Kc2 Rxd6 36. Rxb4 Rd5 37. Rc4 Rg5 38. Rc3 Rg4 39. Kb2 Re4 40. Ka3 Re2 41. b4 Rxg2 42. b5 Rg1 43. Rd3 Rb1 44. Ka4 g5 45. Ka5 Kf5 46. b6 h4 47.
gxh4 gxh4 48. Rd5+ Ke6 49. Rh5 Kd6 50. Rxh4 Kc6 51.
Rc4+ Kb7 52. Rc7+ Kb8 53. Rf7 Ra1+ 54. Kb5 Rb1+ 55. Kc6 Rc1+ 56. Kd6 Rd1+ 57. Kc6 Rc1+ 58. Kd6 Rb1 59. Kc5 Rc1+ 60. Kb5 Rf1 61. Ka6 Ra1+ 62. Kb5 Rf1 63. Kc6 Rc1+ 1/2-1/2

[Event "Early-Titled-Tuesday-Blitz-April-23-2024"]
[Site "Chess.com"]
[Date "2024.04.23"]
[Round "6"]
[White "DeArron_Fox"]
[Black "klercaku"]
[Result "1-0"]
[WhiteElo "2515"]
[BlackElo "2257"]
[TimeControl "180+1"]
[EndTime "9:09:08 PDT"]
[Termination "DeArron_Fox won by checkmate"]

1. d4 d5 2. c4 e6 3. Nc3 Nf6 4.
cxd5 exd5 5. Bg5 Nbd7 6. e3 c6 7. Bd3 Be7 8. Qc2 h6 9. Bh4 O-O 10. Nge2 Re8 11. O-O Nf8 12. f3 Ne6 13. Bf2 Bd6 14. h3 Nh5 15. g4 Ng5 16. Kg2 Nf6 17.
Ng3 h5 18. Nf5 Bxf5 19. Bxf5 hxg4 20. hxg4 Qc7 21. Bh4 Nfh7 22. f4 g6 23. Bxg6 fxg6 24. Qxg6+ Qg7 25. Qxg7+ Kxg7 26. fxg5 Rxe3 27. Rf5 Rae8 28.
Raf1 R8e7 29. g6 Kxg6 30. Bxe7 Rxe7 31. Kf3 Ng5+ 32. Kg2 Nh7 33. R1f2 b5 34. Ne2 Bc7 35. Nf4+ Bxf4 36. R5xf4 Ng5 37. Rc2 Ne4 38. Rxc6+ Kg5 39. Rf5+ Kxg4 40. Rxd5 Ng5 41. Rg6 Re2+ 42. Kf1 Rxb2 43.
Rdxg5+ Kf3 44. Rg3+ Ke4 45. R6g4+ Kd5 46. Rg2 Rb1+ 47.
Ke2 Rb2+ 48. Kd3 Rb1 49. Rg5+ Kc6 50. Rg6+ Kd5 51. R2g5# 1-0

[Event "Early-Titled-Tuesday-Blitz-April-23-2024"]
[Site "Chess.com"]
[Date "2024.04.23"]
[Round "6"]
[White "Road2GM3000"]
[Black "PabloZarnicki"]
[Result "1-0"]
[WhiteElo "2437"]
[BlackElo "2583"]
[TimeControl "180+1"]
[EndTime "9:09:09 PDT"]
[Termination "Road2GM3000 won on time"]

1. d4 Nf6 2. c4 e6 3. Nc3 Bb4 4. Nf3 O-O 5. Bg5 h6 6. Bh4 c5 7.
e3 cxd4 8. exd4 g5 9. Nxg5 hxg5 10. Bxg5 Be7 11. Bd3 Nh7 12. Bh6 f5 13. Bxf8 Qxf8 14. Qf3 Nc6 15. Ne2 Bb4+ 16. Kf1 Qg7 17. h4 Nxd4 18. Nxd4 Qxd4 19. Rh3 Bd6 20. Rd1 Qf4 21. Bxf5 exf5 22. Qd5+ Kg7 23. Rf3 Qe5 24. Qxd6 Qxd6 25. Rxd6 a5 26. Rxf5 a4 27. h5 Ra6 28. Rxa6 bxa6 29. g4 d6 30. Rf4 Nf6 31. f3 Be6 32. Rd4 Kf7 33. Kf2 Ke7 34. Kg3 Nd7 35. g5 Ne5 36. h6 Kf7 37. Rxd6 Bxc4 38. f4 Nd3 39. Rd7+ Kg6 40. Rg7+ Kf5 41. h7 Nc5 42. h8=Q Ne4+ 43. Kg2 Bd5 44. Qf8+ Kg4 45. Qc8+ Kxf4 46. Rf7+ Ke3 47. Rf3+ Ke2 48. Qc2+ Nd2 49. Qd3+ Ke1 50.
Qxd5 Nxf3 51. Qxf3 a3 52. Qf2+ Kd1 53. bxa3 Kc1 54.
Kf3 Kb1 55. Ke3 a5 56. Kd3 a4 57. Kc3 1-0

[Event "Early-Titled-Tuesday-Blitz-April-23-2024"]
[Site "Chess.com"]
[Date "2024.04.23"]
[Round "6"]
[White "rasmussvane"]
[Black "kids2010"]
[Result "0-1"]
[WhiteElo "2954"]
[BlackElo "2794"]
[TimeControl "180+1"]
[EndTime "9:09:10 PDT"]
[Termination "kids2010 won on time"]

1. Nf3 Nf6 2. g3 d5 3. Bg2 e6 4. O-O Be7 5. c4 O-O 6. b3 c5 7. cxd5 exd5 8. d4 Nc6 9. Bb2 Bg4 10. dxc5 Bxc5 11. Nc3 a6 12. Rc1 d4 13. Na4 Ba7 14.
Nc5 Qe7 15. Nd3 Rfe8 16. Nf4 Rad8 17. h3 Bxf3 18. Bxf3 Ne5 19. Bg2 Ng6 20. Nxg6 hxg6 21. Rc2 Ne4 22. Qd3 Nc5 23. Qf3 d3 24. exd3 Nxd3 25. Bc3 b5 26. Ba5 Rd7 27. Rd2 Ne5 28. Qe4 Rxd2 29. Bxd2 Qd7 30. Bc3 Nd3 31. Qf3 b4 32. Ba1 Ne1 33. Qf4 Nxg2 34. Kxg2 a5 35. Qf3 Qe6 36. Qb7 Bc5 37. Qf3 Qe2 38. Rc1 Bb6 39. Rc6 Ba7 40. Rc7 Qxf3+ 41. Kxf3 Bb6 42. Rb7 Re6 43. Bb2 g5 44. g4 Bc5 45. Rc7 Bb6 46.
Rd7 Bc5 47. Rd5 Bb6 48. Rxg5 Rc6 49. Rxg7+ Kf8 50. Rg5 Rc2 51. Bf6 Rxf2+ 52. Ke4 Rxf6 53. Rxa5 Bxa5 0-1

[Event "Early-Titled-Tuesday-Blitz-April-23-2024"]
[Site "Chess.com"]
[Date "2024.04.23"]
[Round "6"]
[White "m_ezat"]
[Black "AlexeiShirov"]
[Result "1-0"]
[WhiteElo "2617"]
[BlackElo "2811"]
[TimeControl "180+1"]
[EndTime "9:09:11 PDT"]
[Termination "m_ezat won by resignation"]

1. d4 d5 2. c4 c6 3. Nc3 Nf6 4. cxd5 cxd5 5. Bf4 Nc6 6. e3 Bg4 7.
Qb3 Na5 8. Qa4+ Bd7 9. Qc2 Rc8 10. Bd3 b5 11. a3 g6 12. Nf3 Bg7 13. O-O O-O 14.
Qe2 a6 15. Ne5 Nh5 16. Bg5 Be8 17. Bh4 f6 18. Nf3 g5 19. Bg3 Nxg3 20. hxg3 h6 21. Bf5 Bd7 22. Qd3 e6 23. Bg6 Qc7 24. e4 Qc4 25. Qe3 dxe4 26. Qxe4 Bc6 27. Qg4 f5 28. Qh5 Bxf3 29. gxf3 Qxd4 30. Rad1 Qf6 31. Rd6 Nc4 32. Nd5 Nxd6 33. Nxf6+ Rxf6 34. Rd1 Rd8 35. Be8 Kf8 36. Bc6 Ke7 37. a4 Rc8 38. axb5 axb5 39. Rc1 Rc7 40. b4 Rf7 41. Rc5 Bd4 42. Rc2 Rf6 43. Kg2 e5 44. Be4 Rxc2 45. Bxc2 Nf7 46. Qh1 e4 47. Qd1 Bb6 48. Qe2 Nd6 49. Bb3 g4 50. f4 h5 51. Qc2 h4 52. gxh4 Rh6 53. Qc6 Bd4 54. Qd5 Bf6 55. Qc5 Rxh4 56. Qc7+ Kf8 57. Qxd6+ Kg7 58. Qd7+ Kg6 59. Qf7+ 1-0

[Event "Early-Titled-Tuesday-Blitz-April-23-2024"]
[Site "Chess.com"]
[Date "2024.04.23"]
[Round "6"]
[White "MatthewG-p4p"]
[Black "Firouzja2003"]
[Result "0-1"]
[WhiteElo "2901"]
[BlackElo "3067"]
[TimeControl "180+1"]
[EndTime "9:09:12 PDT"]
[Termination "Firouzja2003 won by resignation"]

1. e4 c5 2. c3 Nf6 3. e5 Nd5 4. Nf3 d6 5. Bc4 e6 6. d4 cxd4 7. cxd4 Be7 8. O-O O-O 9. Bd2 dxe5 10. dxe5 b6 11. Nc3 Bb7 12. Qe2 Nxc3 13. Bxc3 Nd7 14. Rad1 Qc7 15. Bd3 Rfd8 16. Rfe1 Nf8 17. Be4 Ng6 18. Bxb7 Qxb7 19. Rxd8+ Rxd8 20. Qe4 Qd7 21. g3 Bc5 22. Kg2 h6 23. Re2 Qb5 24. Rd2 Rxd2 25. Nxd2 Ne7 26. Qa8+ Kh7 27. Qe4+ Ng6 28.
h4 Kg8 29. Qa8+ Bf8 30. Qe4 Ne7 31. Qc4 Qd7 32. Ne4 Nd5 33. Bd2 Qb7 34. Kh2 b5 35.
Qd4 a6 36. Nc3 Ne7 37. Qg4 Nf5 38. Qe4 Qd7 39. Bf4 b4 40. Ne2 Qd1 41. Kg2 Qa1 42.
Qc4 Qxb2 43. Qxa6 Qc2 44. Qb5 h5 45. Bg5 Bc5 46. Qb8+ Kh7 47. Qb5 Qe4+ 48. f3 Qc2 49. Kh3 Qd1 50. Kg2 Qc2 51. Kh3 Qxa2 52. g4 hxg4+ 53.
fxg4 Qb3+ 54. Kh2 Nd4 55. Nxd4 Bxd4 56. Kg2 Qc2+ 57. Kf3 b3 0-1

[Event "Early-Titled-Tuesday-Blitz-April-23-2024"]
[Site "Chess.com"]
[Date "2024.04.23"]
[Round "6"]
[White "hongnhung1234"]
[Black "Rodalquilar"]
[Result "0-1"]
[WhiteElo "2554"]
[BlackElo "2733"]
[TimeControl "180+1"]
[EndTime "9:09:12 PDT"]
[Termination "Rodalquilar won by resignation"]

1. e4 d5 2. exd5 Qxd5 3. Nc3 Qa5 4. d4 Nf6 5. Nf3 Bf5 6. Bd2 e6 7. Bc4 Bb4 8. O-O Nc6 9. a3 Bxc3 10. Bxc3 Qb6 11. h3 O-O 12. Qe2 Rad8 13. Rad1 Rfe8 14. Rfe1 h6 15. Ne5 Nxd4 16. Bxd4 Rxd4 17. Bb3 Red8 18. Qf3 Be4 19. Qe2 Qd6 20. Rxd4 Qxd4 21. Nc4 b5 22. Ne3 c6 23. Rd1 Qb6 24. Rxd8+ Qxd8 25. a4 a6 26.
axb5 axb5 27. Ng4 Nxg4 28. Qxg4 Qd4 29. c3 Qd3 30. Kh2 Qd6+ 31. Kg1 Bf5 32. Qe2 Qd3 33.
Qxd3 Bxd3 34. Kh2 Kf8 35. Kg3 Ke7 36. Kf4 Bf1 37. Kf3 Kd6 38. h4 Kc5 39. g3 b4 40.
Ke3 Bc4 41. Bc2 bxc3 42. bxc3 Ba6 43. Bb3 Kd6 44. Kd4 c5+ 45. Ke3 Bb7 46. Ba4 Bc6 47. Bb3 Bd5 48. c4 Bc6 49. Bc2 Ke5 50. Bd3 g5 51. hxg5 hxg5 52. Bh7 f5 53. f4+ gxf4+ 54.
gxf4+ Kf6 55. Bg8 Bd7 56. Kd3 Kg7 0-1

[Event "Early-Titled-Tuesday-Blitz-April-23-2024"]
[Site "Chess.com"]
[Date "2024.04.23"]
[Round "6"]
[White "kekic76"]
[Black "Mikhail_Golubev"]
[Result "0-1"]
[WhiteElo "2359"]
[BlackElo "2598"]
[TimeControl "180+1"]
[EndTime "9:09:13 PDT"]
[Termination "Mikhail_Golubev won by checkmate"]

1. c4 g6 2. Nc3 Bg7 3. Nf3 e5 4. g3 Nc6 5. Bg2 d6 6. O-O f5 7. d3 h6 8. e4 Nge7 9. Nd5 O-O 10. Nh4 Nxd5 11. exd5 Ne7 12. Bd2 g5 13. Nf3 f4 14.
Re1 Ng6 15. Bc3 Bf5 16. Qc2 g4 17. Nd2 h5 18. Be4 Qd7 19. Kh1 h4 20. Rg1 Rf7 21. Rac1 Raf8 22. Bxf5 Rxf5 23. Ne4 Rh5 24. Kg2 Qf5 25. Qd1 Bh6 26. Rc2 fxg3 27. hxg3 hxg3 28. Nxg3 Qf3+ 29. Qxf3 gxf3+ 30. Kf1 Rh2 31. Ne4 Kf7 32. Bd2 Bxd2 33. Rxd2 Nh4 34. Ng5+ Ke7 35. Ne6 Rh8 36. Rg7+ Kf6 37. Rg1 Rg2 38. Rh1 Rhg8 39. Rd1 R8g4 40. Ke1 Nf5 41. Kd2 Rxf2+ 42. Kc3 Nd4 43.
Rc1 Nxe6 44. dxe6 Kxe6 45. Rh6+ Kd7 46. Rch1 Kc6 47. b4 Rgg2 48. b5+ Kc5 49. R1h5 Rc2+ 50. Kb3 Rb2+ 51. Kc3 Rgc2# 0-1

[Event "Early-Titled-Tuesday-Blitz-April-23-2024"]
[Site "Chess.com"]
[Date "2024.04.23"]
[Round "6"]
[White "DenLaz"]
[Black "Matibar"]
[Result "1-0"]
[WhiteElo "3111"]
[BlackElo "2845"]
[TimeControl "180+1"]
[EndTime "9:09:14 PDT"]
[Termination "DenLaz won on time"]

1. d4 Nf6 2. c4 Nc6 3. Nf3 e6 4. g3 Bb4+ 5. Bd2 Qe7 6. Nc3 Bxc3 7. Bxc3 Ne4 8. Qc2 Nxc3 9. Qxc3 d6 10. d5 exd5 11.
cxd5 Ne5 12. Nxe5 Qxe5 13. Qxe5+ dxe5 14. Bg2 Bd7 15. Rc1 O-O-O 16. Kd2 Kb8 17. Ke3 f5 18. Rc3 g5 19. Rhc1 Rc8 20. Kd2 h5 21. h4 g4 22.
b4 Rhd8 23. Ke3 Rf8 24. Kd2 Bb5 25. a3 a6 26. Ke1 Rf6 27. Ra1 Ba4 28. Ra2 Rd8 29.
Rd2 Rfd6 30. e4 f4 31. f3 Rf8 32. fxg4 hxg4 33. Rf2 f3 34. Bf1 c6 35. Rd2 Rfd8 36.
Kf2 cxd5 37. exd5 Rxd5 38. Rxd5 Rxd5 39. Rd3 Rd7 40. Rxd7 Bxd7 41. Bd3 Be8 42. Bf5 Bh5 43. a4 Kc7 44. a5 b6 45. Bd3 bxa5 46. bxa5 Kb7 47.
Ke3 Ka7 48. Be4 Kb8 49. Bd5 Kc7 50. Bc4 Kb7 51. Ke4 Kc6 52. Bxa6 Kc5 53. Bf1 1-0

[Event "Early-Titled-Tuesday-Blitz-April-23-2024"]
[Site "Chess.com"]
[Date "2024.04.23"]
[Round "6"]
[White "LikeWater"]
[Black "Antipov_Mikhail_Al"]
[Result "1-0"]
[WhiteElo "2688"]
[BlackElo "2881"]
[TimeControl "180+1"]
[EndTime "9:09:14 PDT"]
[Termination "LikeWater won by resignation"]

1. e4 c5 2. Nf3 e6 3. c3 Nf6 4. e5 Nd5 5. Bc4 Nb6 6. Bb3 c4 7. Bc2 d6 8. exd6 Bxd6 9. O-O h6 10. b3 O-O 11. Na3 cxb3 12. axb3 Nc6 13. Nc4 Nxc4 14.
bxc4 b6 15. d4 Bb7 16. Qd3 f5 17. Re1 Qf6 18. c5 bxc5 19. Qb5 Rab8 20. Rxe6 Qd8 21. dxc5 Bc7 22. Rxc6 Bxc6 23. Qxc6 a5 24. Qe6+ Kh8 25. h4 Rf6 26. Qc4 Qd7 27. Be3 Qe8 28. Bd4 Rf8 29. Re1 Qf7 30. Qa6 Kh7 31. Ne5 Rbe8 32. Nf3 Rxe1+ 33.
Nxe1 Re8 34. Nf3 Kg8 35. Bd3 Qe7 36. Qc6 a4 37. Qxa4 Bf4 38. g3 Bb8 39. Bxf5 Rf8 40.
Qc2 Kh8 41. Be4 Qf7 42. Kg2 Qh5 43. Qd3 Qg4 44. c6 Bc7 45. Be5 Bb6 46. c7 Qe6 47. Bb7 Qf7 48. c8=Q Rxc8 49. Bxc8 Qe7 50. Bf5 Qc5 51.
Bd4 Qd5 52. Bxb6 1-0

[Event "Early-Titled-Tuesday-Blitz-April-23-2024"]
[Site "Chess.com"]
[Date "2024.04.23"]
[Round "6"]
[White "andriipalchuk"]
[Black "MaxLeto"]
[Result "1-0"]
[WhiteElo "2618"]
[BlackElo "2432"]
[TimeControl "180+1"]
[EndTime "9:09:14 PDT"]
[Termination "andriipalchuk won by checkmate"]

1. d4 g6 2. e4 Bg7 3. Nf3 d6 4. h3 Nc6 5. c3 e5 6. dxe5 Nxe5 7. Nxe5 dxe5 8. Bd3 Ne7 9. Qe2 Be6 10. O-O c6 11.
Rd1 Qc7 12. Nd2 f5 13. Nf3 O-O-O 14. Be3 Kb8 15. Ng5 Bg8 16. Bc4 Nd5 17. exd5 cxd5 18. Bb3 h6 19. Nf3 g5 20. Re1 Bf7 21. Bc2 f4 22. Bc1 Rhe8 23. Ba4 Re6 24. Bb3 Bh5 25. Bd2 e4 26. Qf1 Bxf3 27. gxf3 Rg6 28. Qg2 Re6 29. fxe4 Rxe4 30. Bc2 Rxe1+ 31. Rxe1 Bf6 32. Qg4 Rf8 33. Qh5 Bg7 34. Re8+ Rxe8 35. Qxe8+ Qc8 36. Qxc8+ Kxc8 37. Bb3 d4 38. cxd4 Bxd4 39. Bc3 Bxc3 40. bxc3 Kd7 41. Kg2 Kd6 42. Kf3 Ke5 43. Kg4 Ke4 44. Bc2+ Kd5 45. Bd3 b5 46. Bxb5 Kc5 47. Bd3 a5 48. Kh5 a4 49.
Kxh6 g4 50. hxg4 f3 51. g5 a3 52. g6 Kd6 53. g7 Ke5 54. g8=Q Kf4 55. Qf7+ Kg4 56.
Be4 Kh4 57. Qf4+ Kh3 58. Qg3# 1-0

[Event "Early-Titled-Tuesday-Blitz-April-23-2024"]
[Site "Chess.com"]
[Date "2024.04.23"]
[Round "6"]
[White "patzer-reloaded"]
[Black "chess123456s"]
[Result "0-1"]
[WhiteElo "2432"]
[BlackElo "2606"]
[TimeControl "180+1"]
[EndTime "9:09:14 PDT"]
[Termination "chess123456s won on time"]

1. d3 Nf6 2. Nf3 b6 3. g3 Bb7 4. Bg2 d5 5. O-O g6 6. c4 Bg7 7. Qa4+ Bc6 8. Qc2 O-O 9. Ne5 Bb7 10. Nc3 e6 11. d4 Nbd7 12. Bf4 Nxe5 13. Bxe5 c6 14.
cxd5 cxd5 15. Rfc1 Rc8 16. Qa4 a6 17. Qb3 Nd7 18.
Bd6 Re8 19. e3 Rc6 20. Ba3 b5 21. Ne2 Rc4 22. Qd1 Qb6 23. b3 Rcc8 24. Nf4 b4 25. Bb2 a5 26. Rxc8 Rxc8 27. Rc1 Rxc1 28. Qxc1 Qc6 29.
Qxc6 Bxc6 30. a3 Bf8 31. axb4 Bxb4 32. Nd3 Bd6 33. Bc3 a4 34. bxa4 Bxa4 35. Bb4 Bxb4 36. Nxb4 Kf8 37. Bf1 Ke7 38. f3 f6 39. Kf2 Kd6 40.
h4 Nb6 41. Bd3 Be8 42. Ke2 e5 43. Kd2 Bf7 44. f4 Nd7 45. Kc3 Nb6 46. Bb5 Ke6 47. Nc6 exf4 48. exf4 Kf5 49. Be2 Ke4 50. Bg4 Be8 51.
Ne7 Na4+ 52. Kb4 Kxd4 53. Ng8 f5 54. Nf6 fxg4 55. Nxe8 Nc3 56. Nf6 Ne4 57. Nxg4 Nxg3 58. Nf6 Nh5 0-1

[Event "Early-Titled-Tuesday-Blitz-April-23-2024"]
[Site "Chess.com"]
[Date "2024.04.23"]
[Round "6"]
[White "Iskusnyh"]
[Black "Eagle_2019"]
[Result "0-1"]
[WhiteElo "2645"]
[BlackElo "2862"]
[TimeControl "180+1"]
[EndTime "9:09:15 PDT"]
[Termination "Eagle_2019 won on time"]

1. d4 d5 2. c4 e6 3. Nf3 Nf6 4. g3 Be7 5. Bg2 O-O 6. O-O Nbd7 7. Qc2 c6 8. b3 b6 9. Rd1 Bb7 10. Nc3 Ba6 11. Nd2 b5 12. cxb5 cxb5 13. a3 Qb6 14. Bb2 Rac8 15. e3 Bb7 16. Qd3 Bc6 17. b4 a5 18. Bf1 axb4 19. axb4 Bxb4 20. Nxb5 Bxd2 21. Rxd2 Ne4 22. Rdd1 Rb8 23. Ba3 Bxb5 24. Qxb5 Qxb5 25. Bxb5 Rxb5 26. Bxf8 Nxf8 27. Rdb1 Rxb1+ 28. Rxb1 g5 29. f3 Nf6 30. g4 Kg7 31. Kg2 Ng6 32. Rb7 Ne8 33.
Rd7 Nf6 34. Ra7 h5 35. h3 hxg4 36. hxg4 Nf8 37. Kg3 Ne8 38. Kf2 Nd6 39. Ra8 Ng6 40.
Ra7 Kf6 41. Ra6 Nc4 42. Ra7 Nh4 43. Rc7 Nd2 44. Ra7 Ndxf3 45. Ra8 Nd2 46. Rh8 Ne4+ 47. Ke2 Kg7 48. Ra8 Ng6 49. Kf3 Nh4+ 50. Ke2 Nf6 0-1

[Event "Early-Titled-Tuesday-Blitz-April-23-2024"]
[Site "Chess.com"]
[Date "2024.04.23"]
[Round "6"]
[White "Mackster23"]
[Black "biostatistician"]
[Result "1-0"]
[WhiteElo "2588"]
[BlackElo "2735"]
[TimeControl "180+1"]
[EndTime "9:09:15 PDT"]
[Termination "Mackster23 won on time"]

1. e4 e5 2. Nf3 Nc6 3. Bb5 Nf6 4. O-O Nxe4 5. Re1 Nd6 6. Nxe5 Be7 7. Bf1 Nxe5 8. Rxe5 O-O 9. d4 Bf6 10. Re1 Nf5 11.
c3 d5 12. Bf4 c6 13. Nd2 Nh4 14. h3 Re8 15. Qb3 Ng6 16. Bg3 b6 17. Nf3 Bf5 18.
a4 Be4 19. Nd2 Bf5 20. a5 b5 21. Qd1 Qd7 22. Nb3 Rxe1 23. Qxe1 Re8 24. Qd2 Be7 25. Bh2 Bf8 26. f3 Qd8 27. g4 Bc8 28. Bg3 Bd6 29. Qh2 Nh4 30. Nd2 Qg5 31. f4 Qd8 32. Qf2 Ng6 33.
Bd3 Qc7 34. Bxg6 hxg6 35. b4 Bd7 36. Rf1 Re7 37. Kg2 Bc8 38. Qf3 Re8 39. Rf2 Re1 40. Rf1 Re8 41. Rf2 Re1 42. Rf1 Re7 43. Nb3 Kf8 44.
Nc1 Bd7 45. Nd3 Qd8 46. Ne5 Bxe5 47. dxe5 Be6 48. Qe3 d4 49. Qxd4 Bd5+ 50. Kh2 a6 51. Bf2 Kg8 52. Bh4 1-0

[Event "Early-Titled-Tuesday-Blitz-April-23-2024"]
[Site "Chess.com"]
[Date "2024.04.23"]
[Round "6"]
[White "SharapovEvgeny"]
[Black "Chesstiger64"]
[Result "1/2-1/2"]
[WhiteElo "2618"]
[BlackElo "2353"]
[TimeControl "180+1"]
[EndTime "9:09:15 PDT"]
[Termination "Game drawn - insufficient material"]

1. e4 c5 2. Nf3 e6 3. d4 cxd4 4. Nxd4 Nf6 5. Nc3 Nc6 6. Ndb5 Bb4 7. a3 Bxc3+ 8. Nxc3 d5 9. Bd3 dxe4 10. Nxe4 Nxe4 11. Bxe4 Qxd1+ 12. Kxd1 Bd7 13. c3 f5 14. Bc2 e5 15.
Be3 Be6 16. f3 Kf7 17. Ke1 Na5 18. Rd1 Nc4 19. Bc1 Rad8 20. Kf2 b5 21. Rxd8 Rxd8 22.
Rd1 Rxd1 23. Bxd1 a5 24. a4 bxa4 25. Bxa4 Nb6 26. Bc2 a4 27. Be3 Nc4 28. Bxa4 Nxb2 29. Bb5 Bc4 30. Bd7 f4 31. Bb6 Nd3+ 32. Kg1 Nc1 33. Ba5 Nd3 34. g3 g5 35. h4 h6 36.
gxf4 Nxf4 37. hxg5 hxg5 38. Kf2 Nd5 39. Kg3 Nf6 40.
Bf5 Be6 41. Bd3 g4 42. fxg4 Nxg4 43. c4 Nf6 44. c5 Bd5 45. Bb4 Nd7 46. Bb5 Nxc5 47.
Bxc5 e4 48. Kf4 e3 49. Kxe3 Ke6 50. Kd4 Ba2 51. Bc6 Bb3 52. Bf3 Ba2 53. Bg4+ Kf6 54. Ke4 Be6 55. Be2 Bf5+ 56. Kf4 Bc2 57. Bc4 Kg6 58.
Bd4 Kh7 59. Kg5 Bb1 60. Be3 Bc2 61. Kf6 Bb1 62. Kf7 Bc2 63. Kf6 Bb1 64. Bf7 Bc2 65.
Ke7 Bb1 66. Kf8 Bc2 67. Bg8+ Kg6 68. Bd2 Bb1 69. Bf7+ Kh7 70. Bg8+ Kg6 71. Ke7 Bc2 72. Kd6 Bb1 73. Ke5 Bc2 74. Kd4 Bb1 75. Kc3 Bf5 76. Kd4 Bb1 77. Bd5 Bc2 78. Ke3 Bb1 79. Kf4 Kh7 80. Kg5 Bc2 81. Kf6 Bb1 82. Be6 Bc2 83.
Bf5+ Bxf5 1/2-1/2